AoeStats
← Abadengo

Arena

510955391Analyzed
4v4 RM · 13h ago on Oct 3, 2026· 46m 55s· 8 players
Game mode
Random Map
Map size
Large (8 player)
Population
200
Speed
Normal
Resources
Standard
Victory
Conquest
Starting age
Dark Age
Ending age
Imperial Age
RankedLock teamsTeams togetherTeam positionsShared explorationLock speedFull tech treeHidden civsTurbo modeCheats
Victory
Defeat
🇻🇳 Franks · Vietnam
1315
+15
🇨🇳 Persians · China
1305
+16
🇻🇳 Saxons · Vietnam
1295
+16
🇻🇳 Italians · Vietnam
1289
+16
🇪🇸 Bohemians · Spain
1328
-17
🇦🇪 Goths · United Arab Emirates
1316
-16
🇬🇧 Aztecs · United Kingdom
1311
-16
🇹🇼 Danes · Taiwan
1252
-14
TheLastOne
10:27 Feudal Age
11:44 Double-Bit Axe
14:02 Castle Age
12:37 Horse Collar
17:23 Wheelbarrow
20:01 Bow Saw
23:27 Loom
23:46 Heavy Plow
28:08 Imperial Age
26:02 Scale Barding Armor
25:50 Gold Mining
25:56 Stone Mining
26:24 Hand Cart
25:55 Town Watch
27:17 Husbandry
27:27 Bloodlines
27:39 Chain Barding Armor
28:28 Gold Shaft Mining
28:03 Cavalier
28:04 Heavy Camel Rider
29:21 Plate Barding Armor
28:57 Forging
29:56 Chemistry
30:09 Conscription
29:45 Savar
32:46 Scale Mail Armor
33:22 Iron Casting
38:02 Fletching
39:12 Blast Furnace
38:37 Ballistics
38:47 Bodkin Arrow
39:06 Citadels
38:36 Light Cavalry
38:54 Capped Ram
40:28 Siege Ram
41:24 Guilds
40:42 Hussar
42:27 Two-Man Saw
46:16 Crop Rotation
46:25 Stone Shaft Mining
piecardinap
13:26 Feudal Age
14:05 Double-Bit Axe
17:05 Castle Age
18:25 Gold Mining
18:50 Bow Saw
19:50 Wheelbarrow
20:19 Loom
28:51 Imperial Age
27:26 Stone Mining
27:48 Scale Barding Armor
27:54 Forging
28:30 Husbandry
29:51 Chain Barding Armor
29:45 Padded Archer Armor
29:08 Cavalier
30:57 Hand Cart
31:19 Padded Archer Armor
31:20 Scale Mail Armor
31:31 Forging
34:12 Chain Mail Armor
34:32 Iron Casting
34:37 Squires
34:22 Gambesons
34:23 Arson
36:38 Plate Mail Armor
37:09 Blast Furnace
35:58 Town Watch
42:03 Gold Shaft Mining
42:20 Fletching
42:15 Light Cavalry
43:01 Bodkin Arrow
Valodimer
9:49 Feudal Age
9:50 Loom
12:18 Double-Bit Axe
16:11 Castle Age
14:46 Gold Mining
17:41 Bow Saw
21:45 Horse Collar
25:37 Wheelbarrow
26:14 Heavy Plow
26:34 Man-at-Arms
28:14 Long Swordsman
32:12 Imperial Age
30:21 Squires
30:07 Gambesons
30:24 Scale Mail Armor
30:34 Forging
30:46 Hand Cart
31:25 Gold Shaft Mining
30:41 Stone Mining
30:53 Arson
32:20 Masonry
32:28 Chain Mail Armor
33:47 Plate Mail Armor
32:40 Two-Handed Swordsman
34:17 Iron Casting
33:51 Fletching
33:34 Champion
33:39 Shield Wall
34:39 Conscription
38:55 Town Watch
39:51 Bodkin Arrow
40:58 Chemistry
40:18 Ballistics
39:44 Arrowslits
40:08 Guard Tower
40:49 Architecture
39:59 Treadmill Crane
41:18 Bracer
42:12 Guilds
44:12 Keep
43:22 Treadmill Crane
44:12 Architecture
mryendl2410
12:09 Feudal Age
13:30 Loom
13:43 Double-Bit Axe
16:00 Castle Age
14:04 Horse Collar
14:56 Gold Mining
21:00 Imperial Age
19:08 Fletching
26:27 Bodkin Arrow
27:35 Padded Archer Armor
29:22 Bracer
32:38 Ballistics
35:56 Stone Mining
36:52 Wheelbarrow
42:05 Chemistry
41:06 Heavy Plow
41:18 Bow Saw
41:25 Leather Archer Armor
42:53 Scale Mail Armor
43:44 Forging
43:50 Chain Mail Armor
47:47 Conscription
McLagan
9:50 Feudal Age
14:00 Castle Age
12:01 Double-Bit Axe
12:18 Horse Collar
15:24 Bow Saw
19:13 Wheelbarrow
19:51 Fortified Wall
20:37 Gold Mining
22:40 Loom
25:52 Imperial Age
23:46 Eagle Warrior
24:28 Scale Mail Armor
24:39 Forging
24:50 Squires
26:15 Scale Mail Armor
26:53 Forging
27:25 Chain Mail Armor
29:46 Plate Mail Armor
29:52 Iron Casting
32:20 Heavy Plow
33:38 Pikeman
35:03 Hand Cart
43:37 Elite Eagle Warrior
Petit_Pois
11:27 Feudal Age
15:38 Castle Age
13:33 Double-Bit Axe
13:56 Horse Collar
16:43 Bow Saw
26:12 Wheelbarrow
28:42 Imperial Age
25:58 Loom
27:50 Chemistry
27:19 Heavy Plow
28:43 Crossbowman
30:14 Hand Cart
30:04 Pikeman
30:45 Squires
30:47 Scale Mail Armor
30:48 Fletching
30:41 Halberdier
32:05 Chain Mail Armor
31:17 Crossbowman
32:36 Bodkin Arrow
32:02 Arbalester
38:41 Bracer
40:14 Ballistics
Abadengo
10:13 Feudal Age
14:26 Castle Age
12:12 Double-Bit Axe
12:19 Horse Collar
16:02 Bow Saw
23:15 Wheelbarrow
24:42 Loom
25:15 Hand Cart
26:04 Heavy Plow
27:30 Anarchy
30:07 Imperial Age
28:06 Pikeman
28:52 Scale Mail Armor
29:02 Forging
29:02 Squires
29:04 Anarchy
32:20 Chemistry
31:01 Treadmill Crane
30:44 Halberdier
31:47 Conscription
33:09 Coinage
32:35 Elite Huskarl
33:37 Chain Mail Armor
34:48 Banking
37:17 Iron Casting
40:08 Gold Mining
42:34 Town Watch
42:51 Padded Archer Armor
44:01 Blast Furnace
櫻京郝應
5:19 Loom
7:31 Loom
12:00 Feudal Age
12:59 Double-Bit Axe
15:58 Castle Age
13:58 Horse Collar
16:55 Bow Saw
16:48 Heavy Plow
23:11 Wheelbarrow
22:39 Town Watch
28:07 Imperial Age
25:59 Scale Mail Armor
25:54 Gold Mining
27:02 Hand Cart
27:05 Chain Mail Armor
27:01 Forging
26:40 Gambesons
26:56 Squires
26:43 Arson
28:33 Stone Mining
28:29 Elite Varangian Guard
29:44 Plate Mail Armor
30:42 Gold Shaft Mining
31:59 Iron Casting
33:40 Blast Furnace
34:38 Conscription
33:40 Hamask
35:36 Stone Shaft Mining
35:11 Man-at-Arms
35:18 Elite Jomsviking
37:52 Fletching
38:37 Ballistics
38:28 Careening
38:17 Murder Holes
40:21 Bodkin Arrow
40:45 Long Swordsman
42:52 Hoardings
41:45 Two-Handed Swordsman
42:22 Champion
45:00 Bracer
Connection lost

Rejoining the realm…

Still unreachable

The connection could not be restored.

Session expired

The server has moved on; the page needs a fresh start.